 Dungeon Crawl Stone Soup version 0.23.2-33-g5129a83184 (webtiles) character file.

Game seed: 5369167185831141313

163 MalarOregon the Digger (level 5, -4/40 (41) HPs)
             Began as a Ghoul Earth Elementalist on July 6, 2019.
             Killed from afar by Blork the orc (5 damage)
             ... with a wand of flame (17)
             ... on level 4 of the Dungeon.
             The game lasted 00:07:46 (2908 turns).

MalarOregon the Digger (Ghoul Earth Elementalist)   Turns: 2908, Time: 00:07:47

HP:   -4/40 (41)    AC: 11    Str: 12    XL:     5   Next: 44%
MP:   7/7           EV: 11    Int: 11    God:
Gold: 158           SH:  5    Dex: 14    Spells: 2/8 levels left

rFire    . . .     SeeInvis .     - Unarmed
rCold    + . .     Gourm    .   h - -2 shield (curse)
rNeg     + + +     Faith    .   o - +1 scale mail
rPois    ∞         Spirit   .   (no helmet)
rElec    .         Reflect  .   n - +0 cloak
rCorr    .         Harm     .   (no gloves)
MR       .....                  c - +2 pair of boots
Stlth    ++........             (no amulet)
HPRegen  0.00/turn              (no ring)
MPRegen  0.10/turn              (no ring)

@: agile, rotting
A: rotting body, claws 1, carnivore, cold resistance 1, negative energy
resistance 3, inhibited regeneration, torment resistance, unbreathing
a: no special abilities


You were on level 4 of the Dungeon.
You were very hungry.

You visited 1 branch of the dungeon, and saw 4 of its levels.

You collected 158 gold pieces.

Inventory:

Missiles
 b - 88 stones (quivered)
Armour
 c - a +2 pair of boots (worn)
   (You found it on level 3 of the Dungeon)
 h - a cursed -2 shield (worn)
   (You found it on level 4 of the Dungeon)
 n - a +0 cloak (worn)
   (You found it on level 4 of the Dungeon)
 o - a +1 scale mail (worn)
   (You found it on level 3 of the Dungeon)
Scrolls
 a - 5 scrolls of identify {@r1}
 j - a scroll of teleportation {@r4}
 m - 3 scrolls of amnesia
Potions
 d - a potion of agility
Comestibles
 e - 9 rations {!d}


   Skills:
 + Level 1.9 Fighting
 - Level 2.5 Dodging
 - Level 2.1 Stealth
 + Level 1.9 Unarmed Combat
 + Level 2.3 Spellcasting
 - Level 0.8 Transmutations
 * Level 4.7 Earth Magic


You had 2 spell levels left.
You knew the following spells:

 Your Spells              Type           Power        Failure   Level  Hunger
a - Sandblast             Erth           ##....       83%         1    ##.....
q - Passwall              Tmut/Erth      #.......     99%         2    ###....
x - Stone Arrow           Conj/Erth      #.....       100%        3    ####...

Your spell library contained the following spells:

 Spells                   Type           Power        Failure   Level  Hunger
 Petrify                  Tmut/Erth      #.......     100%        4    #####..
 Lee's Rapid Deconstruct  Erth           ##........   100%        5    ######.


Dungeon Overview and Level Annotations

Branches:
Dungeon (4/15)
 Temple: D:4-7

Altars:

Annotations:
D:2 Terence
D:4 Blork the orc


Innate Abilities, Weirdness & Mutations

Your body is rotting away.
You thrive on raw meat.
You are immune to poison.
You have sharp fingernails.
You are carnivorous and can eat meat at any time.
Your flesh is cold resistant. (rC+)
You are immune to negative energy. (rN+++)
You do not regenerate when monsters are visible.
You are immune to unholy pain and torment.
You can survive without breathing.


Message History

The puff of flame hits you.
* * * LOW HITPOINT WARNING * * *
You feel better. Blork the orc completely misses you.
Unknown command.
You feel better.
Blork the orc hits you but does no damage.
Blork the orc barely misses you.
You scratch Blork the orc. You block Blork the orc's attack.
You scratch Blork the orc but do no damage.
Blork the orc gestures at you while chanting.
The puff of frost hits you. You resist.
* * * LOW HITPOINT WARNING * * *
Okay, then.
You scratch Blork the orc.
Blork the orc drinks a potion.
Blork the orc is healed!
Blork the orc zaps a wand.
The puff of flame hits you!
* * * LOW HITPOINT WARNING * * *
Okay, then.
You feel better.
Blork the orc zaps a wand.
The puff of flame hits you but does no damage.
You scratch Blork the orc.
Blork the orc points at you and mumbles some strange words.
The magic dart hits you.
* * * LOW HITPOINT WARNING * * *
Blork the orc zaps a wand.
The puff of flame hits you!
* * * LOW HITPOINT WARNING * * *
You claw Blork the orc!
Blork the orc zaps a wand.
The puff of flame hits you.
* * * LOW HITPOINT WARNING * * *
Unknown command.
Okay, then.
Okay, then.
Blork the orc zaps a wand.
The puff of flame hits you.
* * * LOW HITPOINT WARNING * * *
Unknown command.
Blork the orc hits you but does no damage.
Unknown command.
Blork the orc completely misses you.
Unknown command.
Unknown command.
Blork the orc hits you but does no damage.
You feel your flesh rotting away.
Blork the orc zaps a wand.
The puff of flame hits you.
You die...

,,*,***,,,,,,,,,,,,,*
,,,,**,,,,,,,******,*
,,,,,,,,,,,,,* *,*
,,,,***,,,,,,* *,*
,,*,****,,,,,* *,*
,,*,,,,,,,,,** *,#
********+**** ####.#
**,,,** #....#
**,,,,,** #@###* *
**,,,,,,,** #.#.##
****,,,,,,,,,###o...##
,,,+,,,,,,,,,+.......#
****,,,,,,,,,###....##
* **,,,,,,,** #.#.## *
**,,,,,** #.##### *
**,,,** #.#...# *
**+** #.?...#


You could see Blork the orc.

Vanquished Creatures
  A gnoll (D:1)
  8 adders
  2 worms
  3 dart slugs (D:1)
  A ball python (D:2)
  3 bats (D:3)
  4 giant cockroaches (D:3)
  11 goblins
  7 hobgoblins
  13 jackals
  2 frilled lizards
  6 kobolds
  7 rats
68 creatures vanquished.

Notes
Turn   | Place    | Note
-------+----------+-------------------------------------------
     0 | D:1      | MalarOregon the Ghoul Earth Elementalist began the quest
                  | for the Orb.
     0 | D:1      | Reached XP level 1. HP: 14/14 MP: 2/2
    49 | D:1      | Reached XP level 2. HP: 20/22 MP: 3/3
   402 | D:1      | Reached XP level 3. HP: 24/27 MP: 3/5
   437 | D:1      | Reached skill level 1 in Fighting
   437 | D:1      | Reached skill level 1 in Unarmed Combat
   608 | D:1      | Reached skill level 4 in Earth Magic
  1074 | D:2      | Reached XP level 4. HP: 30/35 MP: 6/6
  1113 | D:2      | Noticed Terence
  1971 | D:3      | Reached XP level 5. HP: 28/40 MP: 7/7
  2779 | D:3      | Learned a level 2 spell: Passwall
  2783 | D:3      | Learned a level 3 spell: Stone Arrow
  2880 | D:4      | Noticed Blork the orc
  2901 | D:4      | HP: 1/41 [Blork the orc/wand of flame (18) (2)]
  2908 | D:4      | Killed from afar by Blork the orc

Skill      XL: |  1  2  3 |
---------------+----------+-----
Spellcasting   | 2 |  2.3
Dodging        | 2 |  2.5
Fighting       | 1 |  1.9
Unarmed Combat | 1 |  1.9
Earth Magic    | 4 |  4.7
Stealth        | |  2.1
Transmutations | |  0.8

Action                   |  1- 3 |  4- 6 || total
-------------------------+-------+-------++-------
Melee: Unarmed           |   114 |   132 ||   246
 Cast: Sandblast         |    25 |    12 ||    37
  Use: Scroll            |       |     7 ||     7
       Potion            |       |     4 ||     4
 Stab: Sleeping          |     2 |       ||     2
  Eat: Chunk             |     6 |     3 ||     9
Armor: Robe              |    18 |     5 ||    23
       Scale mail        |       |    50 ||    50
Dodge: Dodged            |    83 |    56 ||   139
Block: Shield            |       |     1 ||     1
